 Dungeon Crawl Stone Soup version 0.17-a0-1942-g46ae386 (webtiles) character file.

151337 suicidejoker the Sharpshooter (level 17, -11/117 HPs)
             Began as a Demonspawn Fighter on Oct 1, 2015.
             Was the Champion of Cheibriados.
             Mangled by a death yak (20 damage)
             ... led by Polyphemus
             ... on level 2 of the Shoals.
             The game lasted 03:39:18 (33196 turns).

suicidejoker the Sharpshooter (Demonspawn Fighter) Turns: 33196, Time: 03:39:18

Health: -11/117    AC: 16    Str: 37    XL:     17   Next: 0%
Magic:  0/26       EV: 29    Int: 25    God:    Cheibriados [******]
Gold:   2775       SH:  0    Dex: 34    Spells: 0 memorised, 16 levels left

rFire  . . .     SeeInvis +     C - +9 morningstar "Lomilev" {crush, SInv}
rCold  + . .     Clarity  +     J - +5 ring mail "Viucsuck" {*Drain rElec rC+ MR+}
rNeg   . . .     SustAt   .     (no shield)
rPois  .         Gourm    .     Y - +2 hat
rElec  +         Spirit   +     m - +1 cloak
rCorr  .         Warding  .     (gloves unavailable)
rMut   .         Stasis   .     (boots unavailable)
MR     +++..                    X - amulet of regeneration
Stlth  ++........               c - ring of protection from magic
                                y - ring of flight

@: agile, very slow, extremely resistant to hostile enchantments, unstealthy
A: claws 3, hooves 3, horns 1, breathe flames 1, clarity, frail 1, powered by
pain 3, magic shield, magic regeneration, MP-powered wands
a: Bend Time, Temporal Distortion, Slouch, Step From Time, Renounce Religion,
Breathe Fire, Evoke Flight


You were on level 2 of the Shoals.
You worshipped Cheibriados.
Cheibriados was exalted by your worship.
You were hungry.

You visited 4 branches of the dungeon, and saw 29 of its levels.
You also visited: Labyrinth and Ice Cave.

You collected 2866 gold pieces.
You spent 91 gold pieces at shops.

Inventory:

Hand weapons
 d - a +0 blowgun
 i - the +6 flail of Dim Light {antimagic, +Inv rElec rC+}
   (You found it on level 2 of the Lair of Beasts)

   It disrupts the flow of magical energy around spellcasters and certain
   magical creatures (including the wielder).
   It protects you from cold.
   It insulates you from electricity.
   It lets you turn invisible.
 A - the +9 mace of Bagurchu {venom, rF++ Int-2}
   (You found it on level 7 of the Lair of Beasts)

   It poisons the flesh of those it strikes.
   It affects your intelligence (-2).
   It greatly protects you from fire.
 C - the +9 morningstar "Lomilev" (weapon) {crush, SInv}
   (You took it off a minotaur in a labyrinth)

   It inflicts extra damage upon your enemies.
   It lets you see invisible.
 H - a +1 longbow of freezing
 N - the +9 hunting sling of Inamyecilu {freeze, rPois rC+ Dex+3}
   (You found it on level 14 of the Dungeon)

   It causes projectiles fired from it to freeze those they strike, causing
   extra injury to most foes and up to half again as much damage against
   particularly susceptible opponents.
   They can also slow down cold-blooded creatures.
   It affects your dexterity (+3).
   It protects you from cold.
   It protects you from poison.
 Q - the +9 great mace "Cazexan" {crush, *Noise rN+ Dex+2}
   (You found it in an ice cave)

   It inflicts extra damage upon your enemies.
   It affects your dexterity (+2).
   It protects you from negative energy.
   It may make noises in combat.
 W - a +3 arbalest of flaming
Missiles
 f - 79 poisoned needles
 h - 555 arrows
 n - 124 bolts
 p - 192 sling bullets
 z - 15 steel bolts
 B - 22 arrows of frost
 D - 42 poisoned arrows
 F - 5 tomahawks of returning (quivered)
 K - 19 curare-tipped needles
 P - 19 arrows of flame
 T - 4 throwing nets
Armour
 b - the +3 salamander hide armour {+Rage rF++}
   (You found it on level 7 of the Dungeon)

   It greatly protects you from fire.
   It lets you go berserk.
 m - a +1 cloak (worn)
 q - a +6 large shield of fire resistance
 s - a +2 pair of gloves
 J - the +5 ring mail "Viucsuck" (worn) {*Drain rElec rC+ MR+}
   (You found it on level 14 of the Dungeon)

   It protects you from cold.
   It insulates you from electricity.
   It affects your resistance to hostile enchantments.
   It causes draining when unequipped.
 Y - a +2 hat (worn)
 Z - a +4 plate armour
Rods
 U - a +2 iron rod (11/11)
   (You found it in a labyrinth)
 V - a +6 rod of inaccuracy (14/14)
   (You found it in a labyrinth)
Jewellery
 c - a ring of protection from magic (right claw)
 g - an uncursed ring of protection from cold
 j - a +2 ring of protection
 r - an uncursed ring of protection from fire
 t - an uncursed amulet of warding
 w - a +2 ring of protection
 y - a ring of flight (left claw)
 I - an uncursed amulet of resist corrosion
 X - an amulet of regeneration (around neck)
Magical devices
 k - a wand of heal wounds (9)
 G - a wand of digging (16)
 R - a wand of enslavement (12)
Scrolls
 x - 16 scrolls of remove curse
 L - 5 scrolls of identify
 O - 3 scrolls of teleportation
Potions
 a - a potion of curing
 v - 2 potions of magic
 M - a potion of invisibility
 S - 3 potions of might
Comestibles
 e - 16 bread rations
 l - 7 meat rations
 o - 19 fruits
 E - 12 royal jellies


   Skills:
 + Level 11.0 Fighting
   Level 5.5 Long Blades
 * Level 10.6 Maces & Flails
 + Level 3.9 Bows
 - Level 16.0 Crossbows
 + Level 10.4 Armour
 + Level 10.0 Dodging
 - Level 1.6 Stealth
 + Level 10.5 Shields
 - Level 5.1 Unarmed Combat
 + Level 12.1 Invocations


You had 16 spell levels left.
You didn't know any spells.

Dungeon Overview and Level Annotations

Branches:
Dungeon (15/15)            Temple (0/1) D:7            Lair (8/8) D:8
 Shoals (2/4) Lair:4        Snake (0/4) Lair:3        Slime (0/6) Lair:6
    Orc (4/4) D:9             Elf (0/3) Orc:4        Vaults (0/5) D:13
 Depths (0/5) D:15

Altars:
Cheibriados
Elyvilon
Fedhas
Makhleb
Nemelex Xobeh
Qazlal
Ru
Sif Muna
Trog
Beogh

Shops:
D:6 !   Orc:2 [   Orc:4 :(*[

Annotations:
Shoals:2 Polyphemus


Innate Abilities, Weirdness & Mutations

You have claws for hands.
You have hooves in place of feet.
You have a pair of small horns on your head.
You are powered by pain.
When hurt, damage is shared between your health and your magic reserves.
You regenerate magic rapidly.
You can breathe flames.
You possess an exceptional clarity of mind.
You are frail (-10% HP).
You expend magic power (3 MP) to strengthen your wands.


Message History

You impale the catoblepas!!
You kick the catoblepas, but do no damage.
You headbutt the catoblepas.
The catoblepas is severely wounded.
The griffon is no longer petrified.
The catoblepas completely misses you. The death yak barely misses you.
The death yak closely misses you.
Your unstable footing causes you to fumble your attack.
Polyphemus is no longer petrified.
The catoblepas misses you. The death yak gores you! The death yak gores you!!
You focus on the pain.
You feel more agile all of a sudden.
You sock the catoblepas!
You kick the catoblepas, but do no damage.
You headbutt the catoblepas, but do no damage.
The catoblepas is severely wounded.
The death yak stops moving altogether!
The catoblepas gores you!
* * * LOW HITPOINT WARNING * * *
Polyphemus throws the death yak at you!
* * * LOW HITPOINT WARNING * * *
The death yak gores you!!
You die...

...# ≈≈ .≈≈ ...# ... #.≈
..#### ...# ##..# #....#
#....###...# ≈ ##....
.####. #.......###.≈ #..#
..#...##..≈≈≈≈...... ...##
#...≈.≈...≈≈≈≈≈≈≈....
....###..≈≈≈≈≈≈≈≈Y≈≈(((≈≈..
≈≈≈.)...≈≈≈≈≈≈≈≈@≈H≈≈≈≈≈≈≈≈
≈≈.##...≈≈≈≈≈≈≈Y≈YC≈≈≈≈≈≈≈≈
≈.##...≈≈≈≈≈≈≈≈≈≈≈≈≈≈≈≈≈≈≈≈
......≈≈≈≈≈≈≈≈≈≈≈≈≈≈≈≈≈≈≈≈≈
...##.≈≈≈≈≈≈≈≈..≈≈≈≈≈≈≈≈≈≈≈
...##.≈≈≈≈≈≈≈....≈≈≈≈≈≈≈≈≈≈
≈....†≈≈≈≈≈≈≈≈...≈≈≈≈≈≈≈≈≈≈
≈≈...≈≈≈≈≈≈≈≈≈≈≈≈≈≈≈≈≈≈≈≈≈
≈≈≈..≈≈≈≈≈≈≈≈≈≈≈≈≈≈≈≈≈≈≈≈≈


You could see Polyphemus, 2 death yaks, a catoblepas and a griffon.

Vanquished Creatures
  Rupert (D:12)
  A storm dragon (D:14)
  A frost giant (IceCv)
  Maud (Lair:8)
  2 orc warlords (Orc:4)
  A stone giant (Orc:4)
  Nessos (Lair:8)
  A salamander stormcaller (D:14)
  A minotaur (Lab)
  8 vault guards (D:13)
  3 merfolk impalers
  Josephine (Lair:8)
  A yaktaur captain (D:15)
  A fire dragon (D:14)
  Erolcha (Orc:3)
  Harold (Lair:4)
  6 hydras
  4 centaur warriors
  Erica (Orc:1)
  5 catoblepae
  An ogre mage (D:15)
  The ghost of throwaway888 the Corrupter of Planes, an experienced DsAK of Lugonu (Lair:2)
  2 orc high priests (Orc:4)
  22 death yaks
  Sonja (Orc:4)
  Nergalle (Orc:2)
  The ghost of ActionAutist the Hand of Fortune, a powerful FeAr of Nemelex Xobeh (Orc:4)
  3 skeletal warriors (D:14)
  2 unseen horrors
  6 sea snakes
  The ghost of Eldritch the Ruffian, an experienced TrCK of Xom (D:7)
  An ice statue (IceCv)
  A wizard (D:14)
  8 harpies
  2 hill giants
  7 orc sorcerers
  9 griffons
  5 oklob plants (Lair:6)
  9 fauns (Shoals:1)
  An ugly thing (D:11)
  12 elephants (Lair:7)
  6 black mambas
  5 cyclopes
  4 sirens (Shoals:1)
  2 wolf spiders (Lair:4)
  3 orc knights
  2 water nymphs (Shoals:1)
  8 manticores
  Maurice (Orc:1)
  Psyche (D:10)
  A torpor snail (Lair:5)
  2 gargoyles
  15 komodo dragons
  15 spiny frogs
  6 fire drakes
  5 two-headed ogres
  A freezing wraith (D:14)
  7 merfolk
  15 polar bears
  20 blink frogs
  A wind drake (Shoals:2)
  A polar bear (shapeshifter) (D:14)
  2 snapping turtles
  6 trolls
  6 slime creatures
  5 wraiths (Lair:8)
  2 boulder beetles
  Sigmund (D:2)
  48 yaks
  A shadow (D:14)
  A deep elf mage (D:13)
  2 trapdoor spiders
  A wyvern (D:12)
  8 wargs
  22 hippogriffs
  2 hungry ghosts
  4 basilisks
  2 nagas (Lair:3)
  10 porcupines
  16 water moccasins
  32 wolves
  29 orc warriors
  2 phantoms (D:11)
  A wasp (Lair:4)
  2 eyes of draining (D:11)
  2 sky beasts
  23 ogres
  The ghost of Eldritch the Ruffian, an average FoMo of Yredelemnul (D:3)
  2 black bears
  2 ice beasts
  21 crocodiles
  17 centaurs
  17 giant frogs
  3 big kobolds
  4 scorpions
  2 wyvern skeletons
  8 electric eels
  16 killer bees
  A giant frog zombie (D:9)
  4 jellies
  7 crimson imps
  7 hounds
  27 orc wizards
  4 centaur zombies
  10 iguanas
  14 orc priests
  3 centaur skeletons
  5 giant frog skeletons
  13 worker ants
  27 sheep
  A water moccasin simulacrum (D:9)
  A centaur simulacrum (D:9)
  26 adders
  A worker ant zombie (D:5)
  62 river rats
  5 shadow imps
  2 white imps (D:9)
  An ufetubus (D:9)
  5 oozes (D:8)
  3 adder skeletons
  An adder zombie (D:9)
  4 worms
  7 giant geckos
  178 orcs
  6 giant cockroaches
  6 goblins
  8 hobgoblins
  23 jackals
  6 quokkas
  A ball python (D:3)
  13 bats
  A giant gecko skeleton (D:7)
  5 giant newts
  A jackal skeleton (D:4)
  A jackal zombie (D:3)
  24 kobolds
  7 rats
  3 fungi
  3 plants
1109 creatures vanquished.

Vanquished Creatures (others)
  An ugly thing (D:14)
  An ice beast (D:14)
  A shadow imp (D:14)
  An orc (Orc:3)
  A bush (Lair:4)
  35 fungi
  38 plants
78 creatures vanquished.

Grand Total: 1187 creatures vanquished

Notes
Turn   | Place    | Note
--------------------------------------------------------------
     0 | D:1      | suicidejoker the Demonspawn Fighter began the quest for the Orb.
     0 | D:1      | Reached XP level 1. HP: 18/18 MP: 1/1
   197 | D:1      | Gained mutation: You sometimes gain a little power by taking damage. [demonic ancestry]
   197 | D:1      | Reached XP level 2. HP: 10/24 MP: 2/2
   845 | D:2      | Found a blossoming altar of Fedhas.
   971 | D:2      | Gained mutation: You have large cloven feet. [demonic ancestry]
   971 | D:2      | Reached XP level 3. HP: 16/29 MP: 3/3
   986 | D:2      | Reached skill level 1 in Dodging
  1363 | D:2      | Gained mutation: You have a pair of small horns on your head. [demonic ancestry]
  1363 | D:2      | Reached XP level 4. HP: 35/35 MP: 4/4
  1388 | D:2      | Found a snail-covered altar of Cheibriados.
  1400 | D:2      | Became a worshipper of Cheibriados the Contemplative
  1421 | D:2      | Noticed Sigmund
  1443 | D:2      | Killed Sigmund
  1443 | D:2      | Gained mutation: When hurt, damage is shared between your health and your magic reserves. [demonic ancestry]
  1443 | D:2      | Reached XP level 5. HP: 11/41 MP: 5/5
  1894 | D:3      | Noticed Eldritch's ghost (average FoMo)
  1904 | D:3      | Killed Eldritch's ghost
  1904 | D:3      | Gained mutation: You have sharp fingernails. [demonic ancestry]
  1904 | D:3      | Reached XP level 6. HP: 27/48 MP: 3/6
  2179 | D:3      | Noticed an ogre
  2192 | D:3      | Killed an ogre
  2411 | D:3      | Gained mutation: You can breathe flames. [potion of beneficial mutation]
  2414 | D:3      | Reached skill level 4 in Armour
  2414 | D:3      | Reached skill level 1 in Stealth
  2426 | D:3      | HP: 2/48 [orc wizard/dagger (2)]
  2431 | D:3      | Acquired Cheibriados's first power
  2707 | D:3      | Gained mutation: You have a beak for a mouth. [potion of beneficial mutation]
  2714 | D:3      | Reached XP level 7. HP: 54/54 MP: 7/7
  3581 | D:4      | Found a bloodstained altar of Trog.
  4203 | D:5      | Entered Level 5 of the Dungeon
  4359 | D:5      | Found a burning altar of Makhleb.
  4359 | D:5      | Found a sparkling altar of Nemelex Xobeh.
  4424 | D:5      | Acquired Cheibriados's second power
  4942 | D:5      | Reached XP level 8. HP: 49/61 MP: 8/8
  4954 | D:5      | Reached skill level 5 in Armour
  5223 | D:5      | Gained mutation: You are resistant to electric shocks. [mutagenic meat]
  5224 | D:5      | Gained mutation: You possess an exceptional clarity of mind. [mutagenic meat]
  5226 | D:5      | Gained mutation: You are dopey. (Int -2) [mutagenic meat]
  5471 | D:6      | Reached skill level 5 in Shields
  5566 | D:6      | Found Leohezil's Distillery.
  5576 | D:6      | Bought a potion of curing for 39 gold pieces
  5576 | D:6      | Bought a potion of might for 52 gold pieces
  5690 | D:6      | Reached skill level 5 in Fighting
  5846 | D:6      | Acquired Cheibriados's third power
  6003 | D:7      | Gained mutation: You have very sharp fingernails. [demonic ancestry]
  6003 | D:7      | Reached XP level 9. HP: 64/68 MP: 9/9
  6011 | D:7      | Found a sacrificial altar of Ru.
  6023 | D:7      | Noticed Eldritch's ghost (experienced TrCK)
  6031 | D:7      | Killed Eldritch's ghost
  6031 | D:7      | Reached skill level 5 in Long Blades
  6031 | D:7      | Reached skill level 6 in Armour
  6079 | D:7      | Found a staircase to the Ecumenical Temple.
  6594 | D:7      | Reached skill level 5 in Dodging
  7404 | D:8      | Acquired Cheibriados's fourth power
  7414 | D:8      | Reached skill level 1 in Unarmed Combat
  7414 | D:8      | Reached skill level 1 in Invocations
  7764 | D:8      | Found a staircase to the Lair.
  8194 | D:8      | Gained mutation: You sometimes gain power by taking damage. [demonic ancestry]
  8194 | D:8      | Reached XP level 10. HP: 77/77 MP: 11/11
  8216 | D:8      | Found a stormy altar of Qazlal.
  8984 | D:9      | Found a white marble altar of Elyvilon.
  9030 | D:9      | Found a deep blue altar of Sif Muna.
  9279 | D:9      | Found a staircase to the Orcish Mines.
  9532 | D:10     | Entered Level 10 of the Dungeon
  9543 | D:10     | Reached skill level 7 in Armour
 10156 | D:11     | Found a labyrinth entrance.
 10165 | Lab      | Entered a labyrinth
 10540 | Lab      | Noticed a minotaur
 10556 | Lab      | Killed a minotaur
 10556 | Lab      | Reached skill level 5 in Unarmed Combat
 10556 | Lab      | Reached skill level 5 in Invocations
 10559 | Lab      | Got a fine morningstar {crush}
 10575 | Lab      | Got a translucent glaive
 10578 | Lab      | Identified the +9 morningstar "Lomilev" {crush, SInv} (You took it off a minotaur in a labyrinth)
 10579 | Lab      | Identified the +2 glaive "Caivoir" {drain, MR+} (You found it in a labyrinth)
 10581 | Lab      | Identified a +3 rod of inaccuracy (10/10) (You found it in a labyrinth)
 10768 | Lab      | Learned a level 2 spell: Ensorcelled Hibernation
 10925 | D:11     | Noticed an unseen horror
 10927 | D:11     | Gained mutation: You have hoof-like feet. [demonic ancestry]
 10927 | D:11     | Reached XP level 11. HP: 72/84 MP: 11/15
 10937 | D:11     | Killed an unseen horror
 10937 | D:11     | Reached skill level 1 in Maces & Flails
 10937 | D:11     | Reached skill level 1 in Crossbows
 10951 | D:11     | Noticed a cyclops
 10958 | D:11     | Killed a cyclops
 12302 | D:11     | Noticed a white ugly thing
 12307 | D:11     | Killed a white ugly thing
 12658 | D:12     | Noticed a manticore
 12661 | D:12     | Killed a manticore
 12954 | D:12     | Noticed a hill giant
 12966 | D:12     | Killed a hill giant
 13144 | D:12     | Noticed Rupert
 13146 | D:12     | Paralysed by Rupert for 7 turns
 13155 | D:12     | Paralysed by Rupert for 3 turns
 13161 | D:12     | Killed Rupert
 13161 | D:12     | Reached skill level 8 in Armour
 13373 | D:12     | Noticed an unseen horror
 13376 | D:12     | Killed an unseen horror
 13784 | D:12     | Gained mutation: You have hooves in place of feet. [demonic ancestry]
 13784 | D:12     | Reached XP level 12. HP: 84/92 MP: 15/17
 13986 | D:12     | Noticed a five-headed hydra
 13992 | D:12     | Killed a five-headed hydra
 14332 | D:13     | Found a gate to the Vaults.
 14332 | D:13     | Noticed a vault guard
 14332 | D:13     | Noticed a vault guard
 14332 | D:13     | Noticed a vault guard
 14332 | D:13     | Noticed a vault guard
 14332 | D:13     | Noticed a vault guard
 14333 | D:13     | Noticed a vault guard
 14333 | D:13     | Noticed a vault guard
 14333 | D:13     | Noticed a vault guard
 14341 | D:13     | Killed a vault guard
 14346 | D:13     | Killed a vault guard
 14352 | D:13     | Killed a vault guard
 14366 | D:13     | Killed a vault guard
 14366 | D:13     | Reached skill level 5 in Maces & Flails
 14366 | D:13     | Reached skill level 5 in Crossbows
 14383 | D:13     | HP: 1/94 [vault guard/war axe (16)]
 14386 | D:13     | Killed a vault guard
 15128 | D:13     | Found a white marble altar of Elyvilon.
 15312 | D:13     | Killed a vault guard
 15345 | D:13     | Killed a vault guard
 15350 | D:13     | Killed a vault guard
 15381 | D:13     | Noticed a catoblepas
 15396 | D:13     | Killed a catoblepas
 15846 | D:10     | Gained mutation: You are powered by pain. [demonic ancestry]
 15846 | D:10     | Reached XP level 13. HP: 100/100 MP: 19/19
 16177 | D:10     | Noticed Psyche
 16181 | D:10     | Killed Psyche
 16417 | Lair:1   | Entered Level 1 of the Lair of Beasts
 17186 | Lair:1   | Lost mutation: You have a beak for a mouth. [potion of cure mutation]
 17186 | Lair:1   | Lost mutation: You are dopey. (Int -2) [potion of cure mutation]
 17186 | Lair:1   | Lost mutation: You are resistant to electric shocks. [potion of cure mutation]
 17488 | Lair:2   | Reached skill level 9 in Fighting
 17489 | Lair:2   | Noticed throwaway888's ghost (experienced DsAK)
 17525 | Lair:2   | Killed throwaway888's ghost
 17808 | Lair:2   | Got a pitted flail
 17809 | Lair:2   | Identified the +6 flail of Dim Light {antimagic, +Inv rElec rC+} (You found it on level 2 of the Lair of Beasts)
 18648 | Lair:3   | Found a staircase to the Snake Pit.
 18801 | Lair:3   | Identified Lehudib's Incunabulum of Scorching Attacks
 19636 | Lair:4   | Found a staircase to the Shoals.
 19661 | Lair:4   | Reached XP level 14. HP: 104/108 MP: 21/21
 19739 | Lair:4   | Noticed Harold
 19751 | Lair:4   | Killed Harold
 20279 | Lair:5   | Reached skill level 10 in Invocations
 21811 | Lair:6   | Found a frozen archway.
 21821 | IceCv    | Entered an ice cave
 22187 | IceCv    | Reached skill level 10 in Fighting
 22270 | IceCv    | Noticed a frost giant
 22281 | IceCv    | Killed a frost giant
 22347 | IceCv    | Got an ivory great mace
 22353 | IceCv    | Identified the +9 great mace "Cazexan" {crush, *Noise rN+ Dex+2} (You found it in an ice cave)
 23067 | Lair:6   | Found a staircase to the Slime Pits.
 24153 | Lair:7   | Got a slimy mace
 24154 | Lair:7   | Identified the +9 mace of Bagurchu {venom, rF++ Int-2} (You found it on level 7 of the Lair of Beasts)
 24305 | Lair:7   | Reached XP level 15. HP: 116/116 MP: 23/23
 24782 | Lair:8   | Entered Level 8 of the Lair of Beasts
 24782 | Lair:8   | Noticed Josephine
 24818 | Lair:8   | Reached skill level 11 in Invocations
 24912 | Lair:8   | Killed Josephine
 25113 | Lair:8   | Reached skill level 10 in Shields
 25200 | Lair:8   | Noticed Nessos
 25222 | Lair:8   | Killed Nessos
 25222 | Lair:8   | Reached skill level 10 in Armour
 25358 | Lair:8   | Reached skill level 1 in Bows
 25496 | Lair:8   | Reached skill level 10 in Maces & Flails
 25984 | Lair:8   | Noticed Maud
 25998 | Lair:8   | Killed Maud
 25998 | Lair:8   | Reached skill level 10 in Crossbows
 26454 | Orc:1    | Entered Level 1 of the Orcish Mines
 26518 | Orc:1    | Found a roughly hewn altar of Beogh.
 26532 | Orc:1    | Noticed Erica
 26540 | Orc:1    | Killed Erica
 26577 | Orc:1    | Noticed Maurice
 26586 | Orc:1    | Killed Maurice
 26876 | Orc:2    | Found Xank's Antique Armour Shoppe.
 26887 | Orc:2    | Noticed Nergalle
 26903 | Orc:2    | Killed Nergalle
 27283 | Orc:3    | Noticed Erolcha
 27294 | Orc:3    | Killed Erolcha
 27652 | Orc:3    | Paralysed by an orc sorcerer for 3 turns
 27818 | Orc:4    | Entered Level 4 of the Orcish Mines
 27818 | Orc:4    | Noticed ActionAutist's ghost (powerful FeAr)
 27842 | Orc:4    | Killed ActionAutist's ghost
 27912 | Orc:4    | Reached skill level 12 in Crossbows
 27964 | Orc:4    | Found a roughly hewn altar of Beogh.
 27966 | Orc:4    | Found Amulehuh's Book Emporium.
 28009 | Orc:4    | Noticed Sonja
 28029 | Orc:4    | Killed Sonja
 28041 | Orc:4    | Found a staircase to the Elven Halls.
 28126 | Orc:4    | Gained mutation: You are frail (-10% HP). [a neqoxec]
 28127 | Orc:4    | Gained mutation: You expend magic power (3 MP) to strengthen your wands. [a neqoxec]
 28137 | Orc:4    | Found Wisopp's Antique Weapon Shop.
 28247 | Orc:4    | Reached skill level 13 in Crossbows
 28247 | Orc:4    | Gained mutation: You regenerate magic rapidly. [demonic ancestry]
 28247 | Orc:4    | Reached XP level 16. HP: 61/111 MP: 17/24
 28679 | Orc:4    | Found Zufriv Pou's General Store.
 28763 | Orc:4    | Found Xoduon's Antique Armour Boutique.
 29231 | D:14     | Reached skill level 14 in Crossbows
 29268 | D:14     | Got a jewelled hunting sling
 29269 | D:14     | Identified the +9 hunting sling of Inamyecilu {freeze, rPois rC+ Dex+3} (You found it on level 14 of the Dungeon)
 29716 | D:14     | Got a scorched ring mail
 29727 | D:14     | Identified the +5 ring mail "Viucsuck" {*Drain rElec rC+ MR+} (You found it on level 14 of the Dungeon)
 29896 | D:14     | Reached skill level 15 in Crossbows
 30387 | D:15     | Entered Level 15 of the Dungeon
 30983 | D:15     | Found a staircase to the Depths.
 31066 | D:14     | Reached skill level 16 in Crossbows
 31756 | Shoals:1 | Entered Level 1 of the Shoals
 33004 | Shoals:2 | Reached skill level 10 in Dodging
 33180 | Shoals:2 | Noticed Polyphemus
 33187 | Shoals:2 | Gained mutation: You have claws for hands. [demonic ancestry]
 33187 | Shoals:2 | Reached XP level 17. HP: 94/117 MP: 26/26
 33196 | Shoals:2 | Mangled by a death yak

Vault maps used:
D:1:      dpeg_arrival_concentric_ovals, supply_closet_lemuel
D:2:      cheibriados_altar_1, fedhas_altar_3, first_bread, uniq_sigmund
D:3:      st_stairs_13
D:4:      wad_lake_hut, overflow_temple_1_default
D:5:      minitemple
D:6:      serial_shops, shop
D:7:      old_standard_altar, minmay_temple_entry_junction2
D:8:      nicolae_qazlal_general_emergency, erik_lair_island,
          hangedman_little_slice_of_home
D:9:      nicolae_overflow_crystal_walls, overflow_temple_1_default,
          hiddenorc1_lemuel, serial_ice, serial_ice_e, serial_ice_a,
          serial_ice_f, serial_ice_m
D:10:     uniq_psyche
D:11:     lab_entry_generic
D:12:     uniq_rupert
D:13:     erik_vaults_2, elyvilon_altar_1
D:14:     evilmike_horseshoe, serial_park_tiny_1, serial_aquarium,
          aquarium_bridge_square, aquarium_window_fake, aquarium_window_1,
          aquarium_view_2c, aquarium_pool_1, minmay_misc_feat_square
D:15:     grunt_enter_depths_snipers, minmay_sticks_and_stones
Lair:1:   st_stairs_12, grunt_forest_stairs_basic, grunt_megastairs_5
Lair:2:   cheibrodos_lair_reptile_den, lemuel_fruit_tree
Lair:3:   guppyfry_snake_entry_island, serial_bayou_ford_a
Lair:4:   minmay_lair_venomous_thicket, minmay_shoals_entry_beasts,
          minmay_lair_drake_nest, uniq_harold
Lair:6:   minmay_slime_entry_oklob_open, portal_ice_cave_entry_pillars_03,
          small_statue_intersection, grunt_megastairs_3
Lair:7:   nicolae_lair_grove_arrangements, infiniplex_staircase_pool,
          serial_bayou_shore_b
Lair:8:   evilmike_catoblepas_cave, uniq_maud, uniq_josephine, uniq_nessos
Shoals:2: uniq_polyphemus
Orc:1:    basic_altar, uniq_maurice, uniq_erica
Orc:2:    serial_shops, nicolae_shop_crystal, uniq_nergalle
Orc:3:    nicolae_orc_pool_cavern, uniq_erolcha
Orc:4:    grunt_orc_gardens, grunt_orc_garden, grunt_orc_garden,
          grunt_orc_garden, grunt_orc_garden, basic_altar, uniq_sonja
Lab:      labyrinth_spiral
IceCv:    ice_cave_small_giant

Action                   |  1- 3 |  4- 6 |  7- 9 | 10-12 | 13-15 | 16-18 || total
-------------------------+-------+-------+-------+-------+-------+-------++-------
Melee: Long sword        |   136 |    99 |   329 |   201 |       |       ||   765
       Unarmed           |       |       |    43 |       |       |       ||    43
       Morningstar       |       |       |       |   204 |   955 |   345 ||  1504
       Great mace        |       |       |       |       |   302 |       ||   302
       Flail             |       |       |       |       |     2 |       ||     2
 Fire: Arbalest          |       |       |       |    27 |       |    80 ||   107
       Hand crossbow     |       |       |       |     8 |       |       ||     8
       Blowgun           |       |       |       |       |     3 |       ||     3
       Longbow           |       |       |       |       |    14 |     6 ||    20
       Hunting sling     |       |       |       |       |       |    20 ||    20
Throw: Tomahawk          |       |       |       |    14 |    16 |    10 ||    40
Invok: Bend Time         |       |       |       |     6 |     2 |       ||     8
       Slouch            |       |       |       |     2 |     3 |     5 ||    10
 Abil: Breathe Fire      |       |     2 |    11 |     5 |     3 |       ||    21
Evoke: Wand              |       |       |       |     6 |     1 |     1 ||     8
       Rod               |       |       |       |    17 |    67 |    32 ||   116
  Use: Potion            |       |     7 |     4 |    11 |     9 |     6 ||    37
       Scroll            |       |     7 |     8 |     8 |    17 |    11 ||    51
 Stab: Distracted        |       |       |     1 |       |       |       ||     1
       Sleeping          |       |       |       |     4 |       |     1 ||     5
  Eat: Chunk             |     1 |     3 |    15 |    12 |    31 |     5 ||    67
       Pizza             |     1 |       |       |     2 |     1 |     1 ||     5
       Beef jerky        |       |     1 |       |       |     5 |     1 ||     7
       Bread ration      |       |       |     1 |       |       |       ||     1
       Meat ration       |       |       |       |       |       |     2 ||     2
